 Dungeon Crawl Stone Soup version 0.21.1-1-g345015f (webtiles) character file.

373 zishaf the Vexing (level 6, -5/41 HPs)
             Began as a Merfolk Enchanter on May 14, 2018.
             Was an Initiate of Ashenzari.
             Slain by an unseen horror (6 damage)
             ... on level 4 of the Dungeon.
             The game lasted 00:24:44 (6505 turns).

zishaf the Vexing (Merfolk Enchanter)               Turns: 6505, Time: 00:24:44

Health: -5/41      AC:  5    Str:  8    XL:     6   Next: 72%
Magic:  8/9        EV: 14    Int: 17    God:    Ashenzari [......]
Gold:   271        SH:  0    Dex: 16    Spells: 3/9 levels left

rFire    . . .     SeeInvis .   a - +2 dagger
rCold    . . .     Gourm    +   (no shield)
rNeg     . . .     Faith    .   b - +1 robe
rPois    .         Spirit   .   (no helmet)
rElec    .         Reflect  .   (no cloak)
rCorr    .         Harm     .   (no gloves)
MR       .....                  (no boots)
Stlth    ++++......             o - amulet of the gourmand
HPRegen  0.13/turn              (no ring)
MPRegen  0.11/turn              (no ring)

@: no status effects
A: change form in water, swift swim, stealthy swim, slimy green scales 1, thin
skeletal structure 1, camouflage 1
a: Curse Item, Renounce Religion


You were on level 4 of the Dungeon.
You worshipped Ashenzari.
Ashenzari was noncommittal.
You were very full.

You visited 2 branches of the dungeon, and saw 6 of its levels.

You collected 271 gold pieces.

Inventory:

Hand Weapons
 a - a +2 dagger (weapon)
Armour
 b - a +1 robe (worn)
Jewellery
 o - an amulet of the gourmand (around neck)
Wands
 g - a wand of digging (16)
Scrolls
 e - 4 scrolls of identify
 f - 2 scrolls of fear {unknown}
 i - 2 scrolls of amnesia
 n - 2 scrolls of teleportation
Potions
 m - a potion of cancellation
Books
 c - a book of Maledictions

   Spells                             Type                      Level
   a - Corona                         Hexes                        1
   b - Ensorcelled Hibernation        Hexes/Ice                    2
   c - Confuse                        Hexes                        3
   d - Tukima's Dance                 Hexes                        3
   e - Dazzling Spray                 Conjuration/Hexes            3
Comestibles
 d - 7 rations


   Skills:
 - Level 3.0 Short Blades
 + Level 3.8 Dodging
 - Level 5.0 Stealth
 - Level 2.3 Spellcasting
 - Level 5.0 Hexes
 - Level 2.0 Ice Magic


You had 3 spell levels left.
You knew the following spells:

 Your Spells              Type           Power        Failure   Level  Hunger
a - Corona                Hex            ###....      2%          1    #......
b - Ensorcelled Hibernat  Hex/Ice        ##....       7%          2    ##.....
c - Confuse               Hex            ###.....     7%          3    ###....


Dungeon Overview and Level Annotations

Branches:
Dungeon (5/15)             Temple (1/1) D:4

Altars:
Ashenzari
Kikubaaqudgha
Qazlal
Xom

Annotations:
D:5 Inchmeat's ghost, novice GrEE


Innate Abilities, Weirdness & Mutations

You revert to your normal form in water.
You are very nimble and swift while swimming.
You are very stealthy in the water. (Stealth+)
You are partially covered in slimy green scales. (AC +2)
You have a somewhat thin skeletal structure. (Dex +2, Stealth)
Your skin changes colour to match your surroundings (Stealth+).


Message History

Confirm with . or Enter, or press ? or * to list all spells.
You can't see any susceptible monsters within range! (Use Z to cast anyway.)
Casting: Ensorcelled Hibernation
Confirm with . or Enter, or press ? or * to list all spells.
Aiming: Ensorcelled Hibernation
Press: ? - help, Shift-Dir - straight line Nothing appears to happen.
You hit something. Something hits you. Something barely misses you.
You hit something but do no damage. Something hits you but does no damage.
Something hits you. Something hits you!
* * * LOW HITPOINT WARNING * * *
You feel better. Something hits you. Something hits you.
* * * LOW HITPOINT WARNING * * *
Something hits you!
* * * LOW HITPOINT WARNING * * *
You completely miss something. Something hits you.
You die...

### #.# #.### ####
.##.###### ####..##
####.....#
#.#....## # ##.####
##..###.# # ##.#
###....##.# #
#.###...#...#.## ##
#..#..#####@.#.# .#
#....## #..#### .#
##..## #.## .###
#..## ##.#
...###..# #>.#
....#..#######..###
.....<.....##.....#
......####......###
.....## ###.#..#


There were no monsters in sight!

Vanquished Creatures
  A scorpion (D:4)
  An orc wizard (D:4)
  2 hounds (D:4)
  3 worker ants (D:4)
  5 adders
  A shadow imp (D:4)
  An adder skeleton (D:4)
  6 worms
  A dart slug (D:2)
  2 leopard geckos (D:4)
  9 orcs
  A ball python (D:3)
  5 giant cockroaches
  6 goblins
  4 hobgoblins
  13 jackals
  A quokka (D:2)
  7 bats
  3 frilled lizards
  5 kobolds
  A leopard gecko skeleton (D:4)
  A quokka skeleton (D:4)
  6 rats
  2 butterflies (D:4)
87 creatures vanquished.

Vanquished Creatures (others)
  A leopard gecko skeleton (D:5)
1 creature vanquished.

Grand Total: 88 creatures vanquished

Notes
Turn   | Place    | Note
-------+----------+-------------------------------------------
     0 | D:1      | zishaf the Merfolk Enchanter began the quest for the Orb.
     0 | D:1      | Reached XP level 1. HP: 13/13 MP: 3/3
   252 | D:1      | Reached XP level 2. HP: 5/19 MP: 1/5
   480 | D:1      | Learned a level 2 spell: Ensorcelled Hibernation
  1043 | D:2      | Reached XP level 3. HP: 24/24 MP: 1/6
  1836 | D:2      | Reached XP level 4. HP: 30/30 MP: 7/7
  2132 | D:2      | Learned a level 3 spell: Confuse
  3212 | D:2      | Gained mutation: You are resistant to hostile enchantments. (MR+) [potion of mutation]
  3212 | D:2      | Gained mutation: You are frail. (-10% HP) [potion of mutation]
  3212 | D:2      | Gained mutation: Your movements are slightly less encumbered by armour. (ER -2) [potion of mutation]
  3213 | D:2      | Lost mutation: You are frail. (-10% HP) [potion of mutation]
  3213 | D:2      | Lost mutation: Your movements are slightly less encumbered by armour. (ER -2) [potion of mutation]
  3213 | D:2      | Lost mutation: You are resistant to hostile enchantments. (MR+) [potion of mutation]
  3213 | D:2      | Gained mutation: Your skin changes colour to match your surroundings (Stealth+). [potion of mutation]
  3213 | D:2      | Gained mutation: You are partially covered in slimy green scales. (AC +2) [potion of mutation]
  3213 | D:2      | Gained mutation: You have a somewhat thin skeletal structure. (Dex +2, Stealth) [potion of mutation]
  3666 | D:4      | Reached XP level 5. HP: 25/35 MP: 3/8
  3828 | D:4      | Reached skill level 1 in Ice Magic
  3947 | D:4      | Reached skill level 5 in Hexes
  4303 | D:4      | Reached XP level 6. HP: 24/41 MP: 2/9
  4783 | D:4      | Found a staircase to the Ecumenical Temple.
  4792 | Temple   | Entered the Ecumenical Temple
  4841 | Temple   | Became a worshipper of Ashenzari the Shackled
  4966 | D:4      | Reached skill level 5 in Stealth
  5747 | D:5      | Entered Level 5 of the Dungeon
  5797 | D:5      | Noticed Inchmeat's ghost (novice GrEE)
  6504 | D:4      | HP: 1/41 [something (7)]
  6505 | D:4      | Slain by an unseen horror

Skill      XL: |  1  2  3  4  5  6 |
---------------+-------------------+-----
Stealth        | 4 5 |  5.0
Hexes          | 4 5 |  5.0
Ice Magic      | 1 2 |  2.0
Short Blades   | 2 3 |  3.0
Dodging        | 3 |  3.8
Spellcasting   | |  2.3

Action                   |  1- 3 |  4- 6 || total
-------------------------+-------+-------++-------
Melee: Dagger            |    79 |   136 ||   215
 Cast: Corona            |     5 |       ||     5
       Ensorcelled Hiber |    22 |    68 ||    90
       Confuse           |       |     5 ||     5
  Use: Potion            |       |     7 ||     7
       Scroll            |       |     8 ||     8
 Stab: Sleeping          |    18 |    48 ||    66
       Confused          |       |     2 ||     2
  Eat: Chunk             |     5 |    25 ||    30
       Ration            |       |     1 ||     1
Armor: Robe              |    28 |    38 ||    66
Dodge: Dodged            |    68 |   129 ||   197
